 Dungeon Crawl Stone Soup version 0.30-a0-462-gd5975efbca (webtiles) character file.

Game seed: 7358090927920036746

2564673 Jeffwins the Eclecticist (level 27, 169/169 HPs)
             Began as a Gargoyle Wanderer on Dec 14, 2022.
             Was the Champion of Vehumet.
             Escaped with the Orb
             ... and 5 runes on Dec 16, 2022!
             The game lasted 03:47:56 (96786 turns).

Jeffwins the Eclecticist (Gargoyle Wanderer)       Turns: 96786, Time: 03:47:56

Health: 169/169    AC: 43    Str: 29    XL:     27
Magic:  47/47      EV: 12    Int: 48    God:    Vehumet [******]
Gold:   1433       SH: 15    Dex:  9    Spells: 12/67 levels left

rFire   + . .      SeeInvis +    a - +3 trident of the Brewing Queen {vamp, Drain Will+ Str+9 Stlth+}
rCold   + + .      Faith    .    E - +2 kite shield {AC+3}
rNeg    + . .      Spirit   .    N - +2 scale mail "Ijag" {Int+6}
rPois   ∞          Reflect  .    y - +2 hat
rElec   +          Harm     .    S - scarf {rC+ rF+}
rCorr   +          Rampage  .    z - +1 pair of gloves
Will    +++++                    H - +1 pair of boots "Mifahankup" {Will+ rCorr Str+4}
Stlth   +.........               p - amulet of magic regeneration
HPRegen 0.48/turn                V - ring of Autumn {Will+ Int+6 SInv}
MPRegen 0.70/turn                P - ring "Yraixzea" {rCorr Int+9 Dex-2}

@: flying, glowing, studying 2 skills
A: sickness immunity, AC +20, big wings, negative energy resistance 1,
electricity resistance, torment resistance 1, petrification resistance, agile 1,
cold resistance 1, passive freeze, evolution 1
0: Orb of Zot
}: 5/15 runes: serpentine, barnacled, slimy, silver, abyssal
a: Renounce Religion


You escaped.
You worshipped Vehumet.
Vehumet was exalted by your worship.
You visited 12 branches of the dungeon, and saw 54 of its levels.
You visited the Abyss 1 time.
You also visited: Trove, Sewer, Bailey and Ice Cave.

You collected 8547 gold pieces.
You spent 7114 gold pieces at shops.


Innate Abilities, Weirdness & Mutations

You are immune to sickness and miasma.
Your stone body is resilient. (AC +20)
You are immune to poison.
Your large and strong wings let you fly.
You resist negative energy. (rN+)
You are resistant to electric shocks. (rElec)
You are resistant to unholy torment.
You are immune to petrification.
You are agile. (Dex +4, Str/Int -1)
Your flesh is cold resistant. (rC+)
A frigid envelope surrounds you and freezes all who hurt you.
You have hidden genetic potential.


   Skills:
 + Level 16.5 Fighting
 - Level 6.0 Throwing
 + Level 14.4 Armour
 + Level 9.2 Dodging
 - Level 10.0 Stealth
 + Level 17.3 Shields
 * Level 20.7 Spellcasting
 * Level 20.1 Conjurations
 - Level 8.0 Hexes
 - Level 12.0 Summonings
 * Level 11.2 Necromancy
 - Level 8.0 Translocations
 * Level 6.9 Transmutations
 * Level 20.2 Fire Magic
 - Level 14.0 Earth Magic
 - Level 10.0 Evocations


You had 12 spell levels left.
You knew the following spells:

 Your Spells              Type           Power      Damage    Failure   Level
a - Ignition              Fire           63%        3d17      1%          8
c - Fireball              Conj/Fire      63%        3d24      0%          5
d - Orb of Destruction    Conj           63%        9d15      1%          7
m - Summon Mana Viper     Hex/Summ       98%        N/A       1%          5
n - Dispel Undead         Necr           100%       3d31      1%          4
s - Spellforged Servitor  Conj/Summ      58%        N/A       1%          7
t - Passwall              Tmut/Erth      83%        N/A       1%          2
v - Iron Shot             Conj/Erth      59%        9d11      1%          6
z - Fire Storm            Conj/Fire      63%        8d16      7%          9
I - Blink                 Tloc           100%       N/A       1%          2

Your spell library contained the following spells:

 Spells                   Type           Power      Damage    Failure   Level
 Polar Vortex             Ice            24%        N/A       100%        9
 Foxfire                  Conj/Fire      100%       2x1d9     0%          1
 Kiss of Death            Conj/Necr      100%       2d13      0%          1
 Magic Dart               Conj           100%       1d8       0%          1
 Necrotise                Necr           100%       1d9       0%          1
 Sandblast                Erth           100%       2d20      0%          1
 Searing Ray              Conj           100%       2d8       0%          2
 Static Discharge         Conj/Air       100%       2-7/arc   0%          2
 Dazzling Flash           Conj/Hex       100%       N/A       0%          3
 Inner Flame              Hex/Fire       100%       N/A       0%          3
 Stone Arrow              Conj/Erth      100%       3d13      0%          3
 Sticky Flame             Conj/Fire      100%       2d11      0%          4
 Beastly Appendage        Tmut           100%       N/A       1%          1
 Freeze                   Ice            100%       1d10      1%          1
 Slow                     Hex            100%       N/A       1%          1
 Ensorcelled Hibernation  Hex/Ice        100%       N/A       1%          2
 Poisonous Vapours        Pois/Air       98%        N/A       1%          2
 Wereblood                Tmut           86%        N/A       1%          2
 Call Canine Familiar     Summ           100%       N/A       1%          3
 Confusing Touch          Hex            90%        N/A       1%          3
 Frozen Ramparts          Ice            98%        1d15      1%          3
 Hailstorm                Conj/Ice       98%        3d19      1%          3
 Ignite Poison            Fire/Tmut/Pois 95%        N/A       1%          3
 Kindle Blastsparks       Fire/Tloc/Air  100%       2d18      1%          3
 Mephitic Cloud           Conj/Pois/Air  85%        N/A       1%          3
 Portal Projectile        Hex/Tloc       100%       N/A       1%          3
 Spider Form              Tmut/Pois      70%        N/A       1%          3
 Summon Guardian Golem    Hex/Summ       98%        N/A       1%          3
 Tukima's Dance           Hex            90%        N/A       1%          3
 Vampiric Draining        Necr           100%       2d13      1%          3
 Vhi's Electric Charge    Tloc/Air       100%       N/A       1%          3
 Animate Dead             Necr           100%       N/A       1%          4
 Cause Fear               Hex            45%        N/A       1%          4
 Fulminant Prism          Conj/Hex       55%        3d24      1%          4
 Iskenderun's Mystic Bla  Conj/Tloc      100%       2d19      1%          4
 Leda's Liquefaction      Hex/Erth       50%        N/A       1%          4
 Manifold Assault         Tloc           90%        N/A       1%          4
 Passage of Golubria      Tloc           90%        N/A       1%          4
 Petrify                  Tmut/Erth      100%       N/A       1%          4
 Summon Lightning Spire   Summ/Air       82%        N/A       1%          4
 Agony                    Necr           100%       N/A       1%          5
 Arcjolt                  Conj/Air       49%        1d59      1%          5
 Blade Hands              Tmut           43%        N/A       1%          5
 Borgnjor's Vile Clutch   Necr/Erth      53%        N/A       1%          5
 Freezing Cloud           Conj/Ice/Air   42%        6-21      1%          5
 Irradiate                Conj/Tmut      54%        3d29      1%          5
 Summon Forest            Summ/Tloc      49%        N/A       1%          5
 Yara's Violent Unravell  Hex/Tmut       44%        3d17      1%          5
 Conjure Ball Lightning   Conj/Air       49%        3x3d17    1%          6
 Death Channel            Necr           51%        N/A       1%          6
 Starburst                Conj/Fire      63%        6d17      1%          6
 Summon Cactus Giant      Summ           52%        N/A       1%          6
 Ozocubu's Armour         Ice            49%        N/A       2%          3
 Airstrike                Air            24%        2d(4-20)  2%          4
 Ice Form                 Ice/Tmut       70%        N/A       2%          4
 Olgreb's Toxic Radiance  Pois           49%        N/A       2%          4
 Metabolic Englaciation   Hex/Ice        36%        N/A       4%          5
 Summon Hydra             Summ           52%        N/A       5%          7
 Eringya's Noxious Bog    Tmut/Pois      35%        N/A       10%         6
 Malign Gateway           Summ/Tloc      49%        N/A       13%         7
 Simulacrum               Ice/Necr       40%        N/A       14%         6
 Enfeeble                 Hex            45%        N/A       28%         7
 Dragon Form              Tmut           43%        N/A       41%         7
 Necromutation            Tmut/Necr      47%        N/A       82%         8
 Ozocubu's Refrigeration  Ice            24%        4d12      86%         7
 Storm Form               Tmut/Air       35%        N/A       88%         7
 Discord                  Hex            45%        N/A       92%         8
 Disjunction              Tloc           45%        N/A       92%         8
 Chain Lightning          Conj/Air       49%        3d65      97%         9
 Maxwell's Capacitive Co  Air            24%        ∞         100%        8
 Dragon's Call            Summ           52%        N/A       100%        9
 Cigotuvi's Dreadful Rot  Necr/Pois/Air  Unusable   N/A       N/A         2
 Statue Form              Tmut/Erth      Unusable   N/A       N/A         6

Inventory:

Hand Weapons
 a - the +3 trident of the Brewing Queen (weapon) {vamp, Drain Will+ Str+9 Stlth+}
   (You bought it in a shop on level 3 of the Snake Pit)

   It occasionally heals its wielder for a portion of the damage dealt when it
   wounds a living foe.
   Str:       It affects your strength (+9).
   Drain:     It drains your maximum health when unequipped.
   Will:      It increases your willpower.
   Stlth:     It makes you more stealthy.
Missiles
 K - 11 curare-tipped darts (quivered) {=f}
Armour
 y - a +2 hat (worn)
 z - a +1 pair of gloves (worn)
 D - the +9 scales of the Dragon King {rPois rF+ rC+ Will+}
   (You took it off a deep elf blademaster on level 3 of the Elven Halls)

   rF:        It protects you from fire.
   rC:        It protects you from cold.
   rPois:     It protects you from poison.
   Will:      It increases your willpower.
 E - a +2 kite shield of protection (worn)
 H - the +1 pair of boots "Mifahankup" (worn) {Will+ rCorr Str+4}
   (You acquired it on level 1 of the Vaults)

   Str:       It affects your strength (+4).
   rCorr:     It protects you from acid and corrosion.
   Will:      It increases your willpower.
 J - the +4 dragonskin cloak
   (You took it off Tiamat on level 5 of the Realm of Zot)

   It grants the wearer a chance to resist fire, cold, poison, electricity,
   acid, and negative energy.
 N - the +2 scale mail "Ijag" (worn) {Int+6}
   (You found it on level 1 of the Lair of Beasts)

   Int:       It affects your intelligence (+6).
 S - a scarf of resistance (worn)
Magical Staves
 l - a staff of earth
 Y - a staff of fire
Jewellery
 g - an amulet of regeneration
 p - an amulet of magic regeneration (around neck)
 v - the ring "Anuf" {rPois rC- rN++ Int+6 SInv}
   (You found it on level 5 of the Vaults)

   [ring of intelligence]

   Int:       It affects your intelligence (+6).
   rC:        It makes you vulnerable to cold.
   rPois:     It protects you from poison.
   rN:        It greatly protects you from negative energy.
   SInv:      It lets you see invisible.
 P - the ring "Yraixzea" (right hand) {rCorr Int+9 Dex-2}
   (You found it on level 3 of the Elven Halls)

   [ring of resist corrosion]

   Int:       It affects your intelligence (+9).
   Dex:       It affects your dexterity (-2).
   rCorr:     It protects you from acid and corrosion.
 V - the ring of Autumn (left hand) {Will+ Int+6 SInv}
   (You took it off a draconian shifter on level 3 of the Realm of Zot)

   [ring of intelligence]

   Int:       It affects your intelligence (+6).
   SInv:      It lets you see invisible.
   Will:      It increases your willpower.
 W - the ring "Bysm" {Fire Drain Will+ rCorr Int+4}
   (You found it on level 5 of the Vaults)

   [ring of fire]

   It enhances your fire magic.
   Int:       It affects your intelligence (+4).
   rF:        It protects you from fire.
   rC:        It makes you vulnerable to cold.
   rCorr:     It protects you from acid and corrosion.
   Drain:     It drains your maximum health when unequipped.
   Will:      It increases your willpower.
 Z - the ring of Akhluex {Wiz Fly rF+ Will+ Str+3}
   (You bought it in a shop on level 2 of the Orcish Mines)

   [ring of wizardry]

   It improves your spell success rate.
   Str:       It affects your strength (+3).
   rF:        It protects you from fire.
   Fly:       It grants you flight.
   Will:      It increases your willpower.
Wands
 i - a wand of quicksilver (13)
 n - a wand of charming (27)
 w - a wand of roots (42)
 L - a wand of digging (3)
 U - a wand of mindburst (14)
Scrolls
 f - 2 scrolls of blinking
 k - 3 scrolls of silence {!r}
 o - 11 scrolls of enchant armour
 q - a scroll of butterflies
 r - 7 scrolls of fog
 s - 12 scrolls of immolation {!r}
 t - 9 scrolls of magic mapping
 A - 9 scrolls of teleportation {@r4}
 C - 7 scrolls of fear
 F - a scroll of enchant weapon
 M - 8 scrolls of poison
 O - 8 scrolls of vulnerability {!r}
 T - 9 scrolls of amnesia
Potions
 b - 4 potions of haste {@q3}
 c - 11 potions of mutation {!q}
 d - 9 potions of might
 e - 15 potions of curing {@q1}
 h - 7 potions of invisibility
 j - 4 potions of heal wounds {@q2}
 m - 7 potions of cancellation
 u - 10 potions of brilliance
 G - 6 potions of resistance
 I - a potion of magic
 X - 6 potions of ambrosia
Miscellaneous
 x - a box of beasts
 B - a phial of floods
 Q - a condenser vane (inert)
 R - a phantom mirror

Dungeon Overview and Level Annotations

Branches:
Dungeon (15/15)            Temple (1/1) D:5            Lair (5/5) D:9
 Shoals (4/4) Lair:2        Snake (4/4) Lair:2        Slime (5/5) Lair:5
    Orc (2/2) D:10            Elf (3/3) Orc:2        Vaults (5/5) D:14
  Crypt (0/3) Vaults:3     Depths (4/4) D:15           Hell (visited)
    Zot (5/5) Depths:4      Sewer (visited)          Bailey (visited)
  IceCv (visited)
    Dis: Hell:1         Geh: Hell:1         Coc: Hell:1         Tar: Hell:1

Altars:
Ashenzari
Cheibriados
Dithmenos
Elyvilon
Fedhas
Gozag
Hepliaklqana
Kikubaaqudgha
Makhleb
Nemelex Xobeh
Okawaru
Qazlal
Ru
Sif Muna
Trog
Uskayaw
Vehumet
Wu Jian
Xom
Yredelemnul
Zin
The Shining One
Jiyva

Shops:
D:5 *   D:14 *   Orc:1 [   Orc:2 =*?:   Elf:3 =   Shoals:1 =   Snake:3 *
Vaults:1 (   Vaults:2 =   Vaults:3 *   Vaults:4 (   Vaults:5 !?!?!??
Depths:2 :==(   Depths:3 (([

Portals:
Hell: Lair:5 Depths:1 Depths:2 Depths:3 Depths:4
Abyss: Depths:3
Pandemonium: Depths:2
Ziggurat: Depths:1

Annotations:
D:6 3 runed translucent doors, AigisTheKnight's ghost, novice TeCj
Hell Geryon

#.....# #...##....#.#......
#.....# ######.†..#.#......
#^....# #....#.######.
#.....# ##...#.######.
#.....# ##..##.##.....
#.....### ##X..##.##.....
#.......# ####...###.##.....
#.......####..A.### #.##.....
#.........##@.#######.##.....
#.......#...).'.......#######
#.......####..#.......#
#.......# ####.......######
#.......#############...)..##
#.......##...................
####...###.#############.....
#####.###.# #.....
#......##.# #.....


You could see an angel and an Orb Guardian.


Message History

Casting: Iron Shot (safe; 1% risk of failure)
Confirm with . or Enter, or press ? or * to list all spells.
Aiming: Iron Shot (safe; 1% risk of failure)
Press: ? - help, Shift-Dir - straight line, f - orange demon
Aim: an orange demon (87% to hit)
The iron shot hits the orange demon!!!
The orange demon is almost dead.
Unknown command.
Casting: Iron Shot (safe; 1% risk of failure)
Confirm with . or Enter, or press ? or * to list all spells.
Aiming: Iron Shot (safe; 1% risk of failure)
Press: ? - help, Shift-Dir - straight line, f/p - orange demon
Aim: an orange demon (almost dead, 87% to hit)
The iron shot hits the orange demon!!!
You kill the orange demon!
Vehumet accepts your kill.
You feel your power returning.
Casting: Iron Shot (safe; 1% risk of failure)
Confirm with . or Enter, or press ? or * to list all spells.
You can't see any susceptible monsters within range! (Use Z to cast anyway.) Unknown command.
There is an open door here.
An Orb Guardian and an angel come into view.
The angel is wielding a +2 whip of holy wrath.
An angel comes into view. It is wielding a +1 whip of holy wrath.
The angel moves out of view.
There is a staircase leading out of the dungeon here.
Unknown command.
Magic restored.
You have escaped!

Skill      XL: |  1  2  3  4  5  6  7  8  9 10 11 12 13 14 15 16 17 18 19 20 21 22 23 24 25 26 27 |
---------------+----------------------------------------------------------------------------------+-----
Conjurations   | 2 3 4 5 6 7 8 9 10 11 12 13 14 15 16 17 18 19 20 | 20.1
Fire Magic     | 1 2 3 4 5 6 7 8 9 10 11 13 14 15 16 17 18 20 | 20.2
Fighting       | 1 2 3 4 5 6 7 8 9 10 11 12 13 14 15 16 | 16.5
Spellcasting   | 4 5 6 7 8 9 10 11 12 13 14 15 16 17 18 19 20 | 20.7
Throwing       | 1 2 3 4 5 6 |  6.0
Shields        | 2 3 4 5 6 7 8 9 10 11 12 13 14 15 16 17 | 17.3
Stealth        | 1 2 3 4 5 6 8 9 10 | 10.0
Armour         | 1 2 3 4 5 6 7 8 9 10 11 12 14 | 14.4
Earth Magic    | 2 4 5 6 8 9 10 11 12 14 | 14.0
Hexes          | 3 4 5 6 7 8 |  8.0
Translocations | 1 2 3 4 5 6 7 8 |  8.0
Summonings     | 1 2 3 5 6 7 8 9 10 11 12 | 12.0
Evocations     | 2 3 4 5 6 7 8 9 10 | 10.0
Necromancy     | 1 3 4 6 7 8 11 | 11.2
Dodging        | 2 4 6 7 9 |  9.2
Transmutations | 6 |  6.9

Action                   |  1- 3 |  4- 6 |  7- 9 | 10-12 | 13-15 | 16-18 | 19-21 | 22-24 | 25-27 || total
-------------------------+-------+-------+-------+-------+-------+-------+-------+-------+-------++-------
Melee: Dagger            |    28 |    79 |    82 |    56 |   187 |   199 |       |       |       ||   631
       Quick blade       |       |       |       |       |       |   116 |       |       |       ||   116
       Trident           |       |       |       |       |       |    23 |   117 |   243 |    19 ||   402
       Long sword        |       |       |       |       |       |    17 |       |       |       ||    17
Throw: Dart              |       |       |       |     3 |    19 |     1 |       |       |       ||    23
 Cast: Foxfire           |    83 |   117 |   264 |   547 |   355 |    14 |       |       |       ||  1380
       Stone Arrow       |       |       |     4 |   210 |   565 |    23 |     7 |       |       ||   809
       Sticky Flame      |       |       |       |     2 |     3 |     1 |       |       |       ||     6
       Call Canine Famil |       |       |       |       |     3 |     1 |       |       |       ||     4
       Spellforged Servi |       |       |       |       |     3 |    17 |    79 |    35 |    29 ||   163
       Iron Shot         |       |       |       |       |    76 |   461 |   371 |   609 |   477 ||  1994
       Fireball          |       |       |       |       |       |    26 |    36 |    16 |     9 ||    87
       Passwall          |       |       |       |       |       |     6 |       |       |     5 ||    11
       Summon Cactus Gia |       |       |       |       |       |    17 |     5 |       |       ||    22
       Orb of Destructio |       |       |       |       |       |     4 |   109 |    68 |   114 ||   295
       Summon Mana Viper |       |       |       |       |       |       |     8 |     7 |    12 ||    27
       Dispel Undead     |       |       |       |       |       |       |       |    91 |     7 ||    98
       Ignition          |       |       |       |       |       |       |       |    22 |   117 ||   139
       Fire Storm        |       |       |       |       |       |       |       |       |   119 ||   119
       Blink             |       |       |       |       |       |       |       |       |     6 ||     6
Evoke: Wand              |       |       |     5 |     1 |    22 |    19 |     7 |     5 |     9 ||    68
       Condenser vane    |       |       |       |     1 |     4 |     4 |     7 |     6 |     3 ||    25
       Box of beasts     |       |       |       |       |       |     6 |     4 |     8 |     5 ||    23
       Phantom mirror    |       |       |       |       |       |       |     6 |     6 |     2 ||    14
       Phial of floods   |       |       |       |       |       |       |       |       |     2 ||     2
  Use: Scroll            |       |     5 |     2 |     9 |    12 |    22 |     9 |     4 |    14 ||    77
       Potion            |       |       |       |     1 |     1 |     3 |     4 |       |    34 ||    43
 Stab: Sleeping          |       |     1 |     2 |       |       |       |       |       |       ||     3
       Betrayed ally     |       |       |     1 |       |       |       |       |       |       ||     1
       Distracted        |       |       |       |       |       |     1 |       |     3 |       ||     4
Armor: Robe              |    24 |    16 |       |       |       |       |       |       |       ||    40
       Leather armour    |       |    18 |     2 |       |       |       |       |       |       ||    20
       Ring mail         |       |       |   124 |   175 |    54 |       |       |       |       ||   353
       Scale mail        |       |       |       |       |   298 |   529 |   334 |   466 |   254 ||  1881
Dodge: Dodged            |    28 |    47 |   110 |    98 |   213 |   271 |   169 |   241 |   148 ||  1325
Block: Buckler           |     4 |    14 |    53 |    54 |   106 |   117 |       |       |       ||   348
       Kite shield       |       |       |       |       |       |   214 |   296 |   383 |   192 ||  1085

Levels and vault maps discovered:
D:1:      dpeg_arrival_ratfight, layout_basic
D:2:      layout_rooms
D:3:      minmay_evil_eye, layout_basic, minmay_misc_feat_columns,
          nicolae_wormholes
D:4:      layout_basic, gup_sewer_entry_glass, gammafunk_ghost_stat_death
D:5:      layout_gridville, good_gods_temple_1, kennysheep_slug_shrine,
          minmay_temple_entry_statues_pillars, serial_shops, shop
D:6:      layout_loops_ring, gammafunk_ghost_split
D:7:      layout_loops_ring, nicolae_overflow_quartered_altars
D:8:      lemuel_castle_with_subvaults [lemuel_castle_interior_carwin_3],
          layout_basic, minivault_4
D:9:      layout_loops_ring, grunt_lair_entry_orc_guard_hut, serial_glass,
          glass_columns_b, glass_columns_a, enter_bailey_2
D:10:     layout_cave_pools, david_orc_5, serial_bayou, serial_bayou_pond_c,
          serial_bayou_shore_a, serial_bayou_shore_b, serial_bayou_pond_b,
          uniq_lodul
D:11:     layout_stronghold
D:12:     layout_basic, enter_trove_3
D:13:     layout_roguey
D:14:     layout_basic, lightli_vaults_fourway_checkpoint, serial_shops,
          nicolae_shop_waterfront, serial_curves, eino_curves_02,
          eino_curves_04, eino_curves_01, eino_curves_04
D:15:     gammafunk_enter_depths_forms, layout_cave_pools
Temple:   nicolae_temple_superstar
Lair:1:   beast_lair_carwin_large_4, layout_hall_layers,
          grunt_forest_large_clearings
Lair:2:   minmay_lair_oklob_tunnel, layout_regular_city,
          elwin_shoals_entry_rooms, minmay_snake_entry_six_corridors,
          st_stairs_6
Lair:3:   layout_roguey, serial_bayou_shore_b, uniq_gastronok, uniq_snorg
Lair:4:   layout_gridlike, lemuel_fruit_fields
Lair:5:   evil_forest, layout_long_grid, slime_entry_1
Shoals:1: layout_shoals, serial_shops, nicolae_square_shop,
          nicolae_shoals_nautilus_by_nature, nicolae_shoals_beach_cooler
Shoals:2: layout_shoals, uniq_ilsuiw, uniq_frances, uniq_aizul
Shoals:3: layout_shoals, nicolae_shoals_pincushion_passage, uniq_roxanne
Shoals:4: shoals_end_grunt_ice, layout_shoals, shoals_ilsuiw_ice,
          overgrown_hall, uniq_donald, uniq_polyphemus, uniq_kirke
Snake:1:  layout_misc_corridors, lemuel_fruit_tree
Snake:2:  layout_honeycomb, basic_altar, uniq_vashnia
Snake:3:  layout_basic, serial_shops, shop, nicolae_snake_gridmaze_swirls,
          drop_trap, nrook_guardian_serpent_ordinary
Snake:4:  grunt_snake_rune_serpentine_throne, layout_cave_town,
          portal_ice_cave_entry_pillars_three, st_stairs_14
Slime:1:  layout_caves, nicolae_slime_barrier
Slime:2:  layout_caves
Slime:3:  layout_caves
Slime:4:  layout_caves
Slime:5
Orc:1:    layout_caves, serial_shops, nicolae_square_shop, mines5_lemuel
Orc:2:    hellmonk_orc_salted, layout_diamond_mine, uniq_josephine,
          uniq_jorgrun, uniq_nessos
Elf:1:    layout_geoelf_octagon, orc_legates
Elf:2:    nicolae_elf_blades_splatter_lattice [nicolae_blade_entry_antechamber],
          layout_onion_city, uniq_azrael
Elf:3:    elf_hall_gauntlet_wide, layout_loops_corners, serial_shops,
          nicolae_shop_statue_plus, nicolae_elf_shapeshifter_party
Vaults:1: dpeg_vaults_pockets_of_resistance, nicolae_vaults_yaktaur_gun_rack,
          nicolae_vaults_windows_and_doors_thing, nicolae_vaults_alarming,
          nicolae_vaults_little_squares_1, vaults_room_pool,
          layout_vaults_omnigrid, serial_shops, nicolae_shop_crystal
Vaults:2: nicolae_vaults_ring_of_whatevers, hangedman_vaults_nails, v_misc_19,
          vaults_room_semicircle, hangedman_vaults_stretched_pinwheel, v_misc_4,
          vaults_room_corners, hangedman_vaults_locks,
          nicolae_vaults_bisected_exclaves, nicolae_vaults_rhombus_6,
          hangedman_vaults_capsules, layout_vaults_chaotic_city, serial_shops,
          shop, uniq_asterion
Vaults:3: vaults_room_hallway, v_misc_28, vaults_mumra_chevron,
          minmay_crypt_entry_skeletal_spiral, v_misc_12, ontoclasm_vaults_chip,
          v_rooms_6, v_misc_3, v_misc_12, nicolae_vaults_diagonal_hallway_7,
          ontoclasm_vaults_ring_small, layout_vaults_omnicross, serial_shops,
          nicolae_shop_statue_plus
Vaults:4: vaults_room_large_hall, v_misc_22, nicolae_vaults_specimen_jars,
          vaults_dpeg_diagonal, vaults_room_ringed_pool,
          hangedman_vaults_stitches, nicolae_vaults_network_quincunx
          [nicolae_vaults_network_quincunx_subvault,
          nicolae_vaults_network_quincunx_subvault,
          nicolae_vaults_network_quincunx_subvault,
          nicolae_vaults_network_quincunx_subvault,
          nicolae_vaults_network_quincunx_subvault],
          ontoclasm_vaults_ring_large, vaults_room_door_ring, vaults_dpeg_doors,
          v_alt_pattern_6, dpeg_vaults_monster_box,
          nicolae_vaults_three_branches, grunt_vaults_diagonal,
          nicolae_vaults_diagonal_hallway_8, vaults_room_stairs_pillars,
          layout_vaults_omnibox, uniq_zenata
Vaults:5
Depths:1: layout_basic, enter_ziggurat_c, hell_entry,
          nicolae_dithmenos_through_a_glass_darkly
Depths:2: minmay_open_boxes_in_corner, layout_cave_shapes, serial_shops,
          nicolae_lakefront_shop, hellmouth_3, kennysheep_cross_bottleneck,
          pan_entry, nicolae_yredelemnul_corpse_copse, minmay_shop_grove,
          infiniplex_staircase_pillars_2, uniq_grunn
Depths:3: evilmike_cross, layout_gridlike,
          nicolae_abyss_entry_one_way_or_another, nrook_mini_vaults, hell_entry,
          infiniplex_staircase_zigzag_5, minmay_shop_star, uniq_margery
Depths:4: grunt_zot_entry_tricorne, layout_twisted_cross,
          hangedman_decor_slide_cut, hell_entry
Hell
Zot:1:    lemuel_draconian_sentries_small, layout_cellular_growth
Zot:2:    layout_basic, ebering_ghost_inner_flame, uniq_josephina, uniq_parghit
Zot:3:    layout_twisted_circle, hangedman_zot_decor_unnerving_road
Zot:4:    gammafunk_its_a_trap, layout_basic, grunt_megastairs_5
Zot:5:    layout_basic, uniq_tiamat

Notes
Turn   | Place    | Note
-------+----------+-------------------------------------------
     0 | D:1      | Jeffwins the Gargoyle Wanderer began the quest for the Orb.
     0 | D:1      | Jeffwins set off with the following items: a +0 club, a
                  | potion of haste {@q3}, a +0 robe, a +0 buckler; and the
                  | following spells available to memorise: Slow, Foxfire,
                  | Ensorcelled Hibernation, Dazzling Flash, Portal Projectile.
     0 | D:1      | Reached XP level 1. HP: 10/10 MP: 4/4
     2 | D:1      | Learned a level 1 spell: Foxfire
   334 | D:1      | You fall into a shaft and drop 1 floor!
   375 | D:2      | Reached XP level 2. HP: 15/15 MP: 0/6
   837 | D:1      | Reached skill level 2 in Conjurations
   837 | D:1      | Reached skill level 1 in Fire Magic
  1038 | D:1      | Reached XP level 3. HP: 20/20 MP: 0/7
  1554 | D:1      | Upgraded the game from 0.30-a0-458-g86641cc369 to
                  | 0.30-a0-462-gd5975efbca
  2097 | D:2      | Reached XP level 4. HP: 15/24 MP: 7/9
  2268 | D:2      | Reached skill level 1 in Fighting
  2402 | D:2      | Reached skill level 2 in Fire Magic
  2821 | D:3      | Reached XP level 5. HP: 16/29 MP: 3/10
  2898 | D:3      | Reached skill level 3 in Conjurations
  3235 | D:2      | Reached skill level 4 in Spellcasting
  3255 | D:3      | Reached XP level 6. HP: 35/35 MP: 7/12
  3358 | D:3      | Reached skill level 3 in Fire Magic
  3985 | D:4      | Found a glowing drain.
  4088 | Sewer    | Entered a sewer
  4159 | Sewer    | Noticed Pargi
  4168 | Sewer    | Killed Pargi
  4169 | Sewer    | Reached skill level 2 in Fighting
  4297 | D:4      | Reached XP level 7. HP: 40/40 MP: 6/13
  4388 | D:4      | Found a transporter.
  4416 | D:4      | Noticed DeathPants's ghost (amateur VSEn)
  4420 | D:4      | Reached skill level 1 in Throwing
  4420 | D:4      | Reached skill level 4 in Conjurations
  4607 | D:4      | Reached skill level 2 in Shields
  5039 | D:4      | Found a transporter.
  5174 | D:4      | Killed DeathPants's ghost
  5175 | D:4      | Reached skill level 4 in Fire Magic
  5210 | D:4      | Learned a level 3 spell: Stone Arrow
  5284 | D:5      | Entered Level 5 of the Dungeon
  5411 | D:5      | Found Weusyafe's General Store.
  5419 | D:5      | Bought a potion of heal wounds for 60 gold pieces
  5419 | D:5      | Bought a potion of mutation for 96 gold pieces
  5419 | D:5      | Bought a scroll of teleportation for 36 gold pieces
  5491 | D:5      | Found a glowing silver altar of Zin.
  5491 | D:5      | Found a glowing golden altar of the Shining One.
  5492 | D:5      | Found a white marble altar of Elyvilon.
  5588 | D:5      | Reached skill level 1 in Stealth
  5588 | D:5      | Reached XP level 8. HP: 45/45 MP: 10/15
  5824 | D:5      | Found a snail-covered altar of Cheibriados.
  5921 | D:5      | Reached skill level 1 in Armour
  5921 | D:5      | Reached skill level 5 in Spellcasting
  5921 | D:5      | Reached skill level 1 in Earth Magic
  6285 | D:5      | Found a staircase to the Ecumenical Temple.
  6297 | D:5      | Reached skill level 3 in Fighting
  6305 | Temple   | Entered the Ecumenical Temple
  6488 | Temple   | Became a worshipper of Vehumet
  6660 | D:6      | Reached skill level 5 in Conjurations
  6711 | D:6      | Reached skill level 3 in Hexes
  6711 | D:6      | Reached skill level 2 in Earth Magic
  6725 | D:5      | Reached skill level 2 in Throwing
  6932 | D:6      | Reached skill level 1 in Translocations
  6983 | D:6      | Reached skill level 2 in Stealth
  7040 | D:6      | Found a runed translucent gate.
  7041 | D:6      | Found a runed translucent gate.
  7042 | D:6      | Found a runed translucent gate.
  7045 | D:6      | Noticed AigisTheKnight's ghost (novice TeCj)
  7060 | D:6      | Noticed a wraith
  7064 | D:6      | Reached skill level 3 in Shields
  7064 | D:6      | Reached skill level 1 in Summonings
  7092 | D:6      | Killed a wraith
  7093 | D:6      | Reached XP level 9. HP: 33/51 MP: 0/17
  7212 | D:6      | Identified the +4 longbow of the Open Hand {flame, rPois
                  | rC- rCorr Str+3}
  7670 | D:6      | Reached skill level 5 in Fire Magic
  7670 | D:6      | Reached skill level 3 in Earth Magic
  8067 | D:7      | Reached skill level 2 in Armour
  8116 | D:7      | Noticed a hornet
  8123 | D:7      | Killed a hornet
  8471 | D:7      | Found a stormy altar of Qazlal.
  8482 | D:7      | Reached skill level 6 in Conjurations
  8516 | D:7      | Found a shimmering blue altar of Sif Muna.
  8851 | D:7      | Found a sacrificial altar of Ru.
  8860 | D:7      | Found a burning altar of Makhleb.
  8926 | D:7      | Reached skill level 2 in Summonings
  9083 | D:8      | Reached skill level 4 in Fighting
  9321 | D:8      | Reached skill level 2 in Translocations
  9472 | D:8      | Reached skill level 4 in Earth Magic
  9479 | D:8      | Reached XP level 10. HP: 55/56 MP: 8/18
  9559 | D:8      | Reached skill level 3 in Stealth
  9573 | D:8      | Reached * piety under Vehumet
  9573 | D:8      | Offered knowledge of Kiss of Death by Vehumet.
  9574 | D:8      | Reached skill level 6 in Spellcasting
  9904 | D:8      | Reached skill level 4 in Shields
  9911 | D:8      | Reached skill level 3 in Throwing
 10202 | D:8      | Reached skill level 6 in Fire Magic
 10233 | D:8      | Reached skill level 3 in Armour
 10347 | D:7      | Reached skill level 3 in Summonings
 10528 | D:8      | Noticed a kobold demonologist
 10536 | D:8      | Killed a kobold demonologist
 10537 | D:8      | Reached skill level 5 in Earth Magic
 10587 | D:8      | Reached skill level 4 in Hexes
 10643 | D:8      | Offered knowledge of Momentum Strike by Vehumet.
 10723 | D:8      | Reached ** piety under Vehumet
 10725 | D:8      | Reached skill level 7 in Conjurations
 10725 | D:8      | Identified the +8 plate armour of the Healing Gods {rN+
                  | rCorr}
 11320 | D:8      | Identified the +1 cloak of Youthful Indiscretion {Rampage
                  | rF+ rC+}
 11751 | D:8      | Reached XP level 11. HP: 62/62 MP: 11/20
 12306 | D:9      | Reached skill level 4 in Summonings
 12373 | D:9      | Found a flagged portal.
 12382 | Bailey   | Entered a bailey
 12436 | Bailey   | Offered knowledge of Static Discharge by Vehumet.
 12619 | Bailey   | Reached skill level 4 in Stealth
 12625 | Bailey   | Reached skill level 6 in Earth Magic
 12629 | Bailey   | Reached *** piety under Vehumet
 12630 | Bailey   | Reached skill level 5 in Fighting
 12942 | Bailey   | Found a bloodstained altar of Trog.
 12955 | Bailey   | Identified the +0 robe of Gallantry {rF+ Str+2}
 13070 | D:9      | Reached skill level 4 in Armour
 13070 | D:9      | Reached skill level 3 in Translocations
 13511 | D:9      | Offered knowledge of Airstrike by Vehumet.
 13641 | D:9      | Found a staircase to the Lair.
 13868 | D:10     | Entered Level 10 of the Dungeon
 13908 | D:10     | Noticed a centaur warrior
 13921 | D:10     | Killed a centaur warrior
 14124 | D:10     | Reached skill level 7 in Fire Magic
 14262 | D:10     | Reached skill level 7 in Spellcasting
 14442 | D:10     | Noticed Lodul
 14450 | D:10     | Killed Lodul
 14450 | D:10     | Reached **** piety under Vehumet
 14519 | D:10     | Reached skill level 8 in Conjurations
 14586 | D:10     | Offered knowledge of Sticky Flame by Vehumet.
 14594 | D:10     | Reached skill level 5 in Summonings
 14594 | D:10     | Reached XP level 12. HP: 66/68 MP: 22/22
 14833 | D:10     | Noticed a boulder beetle
 14849 | D:10     | Killed a boulder beetle
 14850 | D:10     | Reached skill level 5 in Stealth
 14850 | D:10     | Reached skill level 7 in Earth Magic
 15072 | D:10     | Found a staircase to the Orcish Mines.
 15112 | D:10     | Reached skill level 5 in Shields
 15482 | D:11     | Learned a level 4 spell: Sticky Flame
 15718 | D:11     | Identified a scarf of resistance
 16021 | D:11     | Reached skill level 4 in Throwing
 16091 | D:11     | Reached skill level 5 in Hexes
 16966 | D:12     | Reached skill level 5 in Armour
 17022 | D:12     | Reached ***** piety under Vehumet
 17123 | D:12     | Offered knowledge of Iron Shot by Vehumet.
 17181 | D:12     | Reached skill level 6 in Fighting
 17181 | D:12     | Reached skill level 4 in Translocations
 17792 | D:12     | Found a portal to a secret trove of treasure.
 17953 | D:13     | Noticed a boulder beetle
 18017 | D:13     | Noticed a boulder beetle
 18023 | D:13     | Killed a boulder beetle
 18024 | D:13     | Reached skill level 8 in Fire Magic
 18025 | D:13     | Noticed an eight-headed hydra
 18029 | D:13     | Killed an eight-headed hydra
 18030 | D:13     | Reached skill level 8 in Spellcasting
 18030 | D:13     | Reached skill level 6 in Summonings
 18030 | D:13     | Reached skill level 8 in Earth Magic
 18147 | D:13     | Killed a boulder beetle
 18148 | D:13     | Reached XP level 13. HP: 74/74 MP: 25/25
 18283 | D:13     | Reached skill level 9 in Conjurations
 18408 | D:13     | HP: 4/74 [very large slime creature (41)]
 18730 | D:13     | Identified a scroll of acquirement
 18731 | D:13     | Acquired Cih Xiu's Secrets of the Retinue
 18740 | D:13     | Learned a level 6 spell: Iron Shot
 18746 | D:13     | Identified the ring "Xead" {rF+ rCorr Int+3}
 19142 | D:14     | Noticed an entropy weaver
 19154 | D:14     | Killed an entropy weaver
 19598 | D:14     | Found a gate to the Vaults.
 19598 | D:14     | Noticed a vault guard
 19598 | D:14     | Noticed a vault guard
 19598 | D:14     | Noticed a vault guard
 19598 | D:14     | Noticed a vault guard
 19786 | Lair:1   | Entered Level 1 of the Lair of Beasts
 20051 | Lair:1   | Reached skill level 6 in Shields
 20700 | Lair:1   | Reached skill level 2 in Evocations
 20720 | Lair:1   | Reached skill level 6 in Armour
 20957 | Lair:1   | Reached skill level 9 in Earth Magic
 21126 | Lair:1   | Learned a level 7 spell: Spellforged Servitor
 21276 | Lair:1   | Identified the +2 scale mail "Ijag" {Int+6}
 21461 | Lair:2   | Reached skill level 5 in Throwing
 21530 | Lair:1   | Gained mutation: Your large and strong wings let you fly.
                  | [Gargoyle growth]
 21530 | Lair:1   | Reached XP level 14. HP: 26/80 MP: 4/26
 21713 | Lair:2   | Reached skill level 6 in Hexes
 21713 | Lair:2   | Reached skill level 9 in Fire Magic
 21718 | Lair:2   | Reached skill level 7 in Summonings
 21722 | Lair:2   | Offered knowledge of Lightning Bolt by Vehumet.
 21869 | Lair:2   | Found a staircase to the Snake Pit.
 21963 | Lair:2   | Reached skill level 10 in Conjurations
 22212 | Lair:2   | Reached skill level 9 in Spellcasting
 22458 | Lair:2   | Reached skill level 5 in Translocations
 22863 | Lair:2   | Identified the +3 pair of boots "Kemer" {rElec Str-2 Int+3
                  | Dex+4}
 23254 | Lair:2   | Found a staircase to the Shoals.
 24207 | Lair:3   | Noticed Gastronok
 24226 | Lair:3   | Killed Gastronok
 24689 | Lair:3   | Noticed Snorg
 24697 | Lair:3   | Killed Snorg
 24902 | Lair:4   | Reached skill level 7 in Fighting
 25000 | Lair:4   | Learned a level 3 spell: Call Canine Familiar
 25611 | Lair:4   | Reached skill level 3 in Evocations
 25982 | Lair:4   | Learned a level 6 spell: Summon Cactus Giant
 26416 | D:5      | Bought a book of the Wilderness for 456 gold pieces
 26519 | Orc:1    | Entered Level 1 of the Orcish Mines
 26547 | D:10     | Reached skill level 10 in Earth Magic
 26967 | Orc:1    | Offered knowledge of Yara's Violent Unravelling by Vehumet.
 27160 | Orc:2    | Entered Level 2 of the Orcish Mines
 27367 | Orc:2    | Found a staircase to the Elven Halls.
 27499 | Orc:1    | Reached skill level 7 in Shields
 27745 | Orc:1    | Found Wecoul Gare's Armour Shop.
 28138 | Orc:2    | Noticed Nessos
 28142 | Orc:2    | Killed Nessos
 28264 | Orc:2    | Noticed Jorgrun
 28277 | Orc:2    | Killed Jorgrun
 28278 | Orc:2    | Reached XP level 15. HP: 24/86 MP: 4/28
 28721 | Orc:2    | Noticed Josephine
 28732 | Orc:2    | Killed Josephine
 28773 | Orc:2    | Reached skill level 10 in Fire Magic
 28838 | Orc:2    | Reached skill level 8 in Summonings
 29098 | Orc:2    | Found Niskuus's Jewellery Shop.
 29104 | Orc:2    | Bought the ring of Akhluex {Wiz Fly rF+ Will+ Str+3} for
                  | 812 gold pieces
 29119 | Orc:2    | Found Naog's Book Shoppe.
 29121 | Orc:2    | Found Ygai's Magic Scroll Shoppe.
 29127 | Orc:2    | Bought a scroll of identify for 28 gold pieces
 29127 | Orc:2    | Bought a scroll of teleportation for 42 gold pieces
 29127 | Orc:2    | Bought a scroll of magic mapping for 105 gold pieces
 29127 | Orc:2    | Bought a scroll of identify for 28 gold pieces
 29127 | Orc:2    | Bought a scroll of fear for 56 gold pieces
 29127 | Orc:2    | Bought a scroll of identify for 28 gold pieces
 29178 | Orc:2    | Found Zutzae Zuxox's General Store.
 29178 | Orc:2    | Paralysed by an orc sorcerer for 4 turns
 29196 | Orc:2    | Reached skill level 11 in Conjurations
 29562 | Orc:2    | Bought a scroll of teleportation for 48 gold pieces
 29562 | Orc:2    | Bought a book of Touch for 352 gold pieces
 29623 | Elf:1    | Entered Level 1 of the Elven Halls
 30196 | Elf:1    | Reached skill level 10 in Spellcasting
 30889 | Elf:1    | Reached skill level 7 in Armour
 30889 | Elf:1    | Reached skill level 11 in Earth Magic
 31128 | Elf:1    | Reached skill level 4 in Evocations
 31573 | Elf:1    | Reached skill level 6 in Throwing
 31575 | Elf:1    | Reached skill level 7 in Hexes
 31578 | Elf:1    | You are cast into the Abyss!
 31578 | Abyss:3  | Cast into level 3 of the Abyss (a deep elf demonologist)
 31692 | Abyss:3  | Reached skill level 8 in Fighting
 31949 | Abyss:3  | Reached skill level 6 in Translocations
 31956 | Abyss:3  | Noticed a tentacled starspawn
 32055 | Abyss:3  | Noticed an Executioner
 32063 | Abyss:3  | Killed an Executioner
 32064 | Abyss:3  | Reached XP level 16. HP: 78/93 MP: 2/30
 32102 | Abyss:3  | Found a corrupted altar of Lugonu.
 32161 | Abyss:3  | Learned a level 2 spell: Passwall
 32492 | Abyss:3  | Noticed a tentacled starspawn
 32493 | Abyss:3  | Got an abyssal rune of Zot
 32498 | Abyss:3  | Noticed a tentacled starspawn
 32499 | Abyss:3  | Noticed a tentacled starspawn
 32514 | Abyss:3  | Killed a tentacled starspawn
 32535 | Elf:1    | You pass through the gate.
 32535 | Elf:1    | Escaped the Abyss
 33264 | Elf:1    | Found a runed translucent gate.
 33264 | Elf:1    | Found a runed translucent gate.
 33264 | Elf:1    | Found a runed translucent gate.
 33264 | Elf:1    | Found a runed translucent gate.
 33264 | Elf:1    | Found a runed translucent gate.
 33265 | Elf:1    | Found a runed translucent gate.
 33265 | Elf:1    | Noticed a shadow dragon
 33265 | Elf:1    | Noticed a shadow dragon
 33647 | Lair:5   | Entered Level 5 of the Lair of Beasts
 33896 | Lair:5   | Found a staircase to the Slime Pits.
 33897 | Lair:5   | Found a viscous altar of Jiyva.
 34130 | Lair:5   | Reached skill level 6 in Stealth
 34161 | Lair:5   | Reached skill level 8 in Shields
 34161 | Lair:5   | Reached skill level 9 in Summonings
 34582 | Lair:5   | Reached skill level 12 in Conjurations
 34824 | Lair:5   | Found a burning altar of Makhleb.
 34839 | Lair:5   | Reached ****** piety under Vehumet
 35243 | Lair:5   | Offered knowledge of Fireball by Vehumet.
 35251 | Lair:5   | Learned a level 5 spell: Fireball
 35407 | Lair:5   | Found a gateway to Hell.
 36588 | D:14     | Reached skill level 12 in Earth Magic
 37126 | D:14     | Reached skill level 5 in Evocations
 37225 | D:14     | Found Maacwui Filu's General Store.
 37230 | D:14     | Got the Guide on Putrescence and Spellbinding
 37237 | D:14     | Bought an amulet of regeneration for 540 gold pieces
 37754 | D:15     | Entered Level 15 of the Dungeon
 38019 | D:15     | Reached skill level 8 in Armour
 38233 | D:15     | Reached skill level 11 in Spellcasting
 38526 | D:15     | Identified 3 potions of resistance
 38547 | D:15     | Reached XP level 17. HP: 75/97 MP: 6/32
 38826 | D:15     | Reached skill level 7 in Stealth
 39093 | D:15     | Offered knowledge of Orb of Destruction by Vehumet.
 39586 | D:15     | Found a staircase to the Depths.
 39595 | Depths:1 | Entered Level 1 of the Depths
 39717 | Depths:1 | Reached skill level 10 in Summonings
 39773 | Depths:1 | Found a shadowy altar of Dithmenos.
 39850 | Depths:1 | Reached skill level 8 in Hexes
 39850 | Depths:1 | Reached skill level 7 in Translocations
 39877 | Depths:1 | Reached skill level 13 in Conjurations
 40069 | Depths:1 | Noticed a sphinx
 40071 | Depths:1 | Killed a sphinx
 40072 | Depths:1 | Reached skill level 9 in Shields
 40710 | Depths:1 | Found a one-way gateway to a ziggurat.
 40766 | Depths:1 | Learned a level 7 spell: Orb of Destruction
 41135 | Depths:2 | Noticed a doom hound
 41141 | Depths:2 | Noticed Grunn
 41144 | Depths:1 | Reached skill level 6 in Evocations
 41289 | Depths:2 | Noticed a doom hound
 41289 | Depths:2 | Noticed a doom hound
 41292 | Depths:1 | Noticed a bone dragon
 41296 | Depths:1 | Noticed a Tzitzimitl
 41327 | Depths:1 | Killed a Tzitzimitl
 41344 | Depths:1 | Killed a bone dragon
 41345 | Depths:1 | Reached skill level 8 in Stealth
 42128 | Snake:1  | Entered Level 1 of the Snake Pit
 42271 | Snake:1  | Reached XP level 18. HP: 103/103 MP: 31/33
 42276 | Snake:1  | Reached skill level 12 in Spellcasting
 43720 | Snake:2  | Noticed Vashnia
 43739 | Snake:2  | Killed Vashnia
 43739 | Snake:2  | Offered knowledge of Irradiate by Vehumet.
 43742 | Snake:2  | Reached skill level 11 in Summonings
 43902 | Snake:2  | Reached skill level 14 in Conjurations
 44600 | Snake:2  | Found a blossoming altar of Fedhas.
 45070 | Snake:2  | Identified the +6 long sword of Vexiz {flame, Dex+9 Stlth+}
 46000 | Snake:3  | Identified the +5 chain mail "Ajolulah" {rF++}
 46470 | Snake:3  | Got the Precepts of Lightning
 46539 | Snake:3  | Found Wivaugar's Assorted Antiques.
 46545 | Snake:3  | Bought a scorched trident for 212 gold pieces
 46545 | Snake:3  | Identified the +3 trident of the Brewing Queen {vamp, Drain
                  | Will+ Str+9 Stlth+} (You bought it in a shop on level 3 of
                  | the Snake Pit)
 46545 | Snake:3  | Bought a scroll of blinking for 187 gold pieces
 46671 | Snake:3  | Reached skill level 10 in Shields
 46678 | Snake:3  | Reached skill level 8 in Translocations
 47549 | Snake:4  | Entered Level 4 of the Snake Pit
 47593 | Snake:4  | Found a frozen archway.
 47652 | IceCv    | Entered an ice cave
 47829 | IceCv    | Reached skill level 9 in Stealth
 48082 | IceCv    | Offered knowledge of Lehudib's Crystal Spear by Vehumet.
 48429 | IceCv    | Reached skill level 7 in Evocations
 48451 | IceCv    | Reached XP level 19. HP: 24/108 MP: 4/35
 49516 | Snake:4  | Reached skill level 13 in Earth Magic
 49633 | Snake:4  | Learned a level 5 spell: Summon Mana Viper
 50327 | Snake:4  | Reached skill level 13 in Spellcasting
 50514 | Snake:4  | Reached skill level 15 in Conjurations
 50514 | Snake:4  | Reached skill level 12 in Summonings
 50594 | Snake:4  | Reached skill level 9 in Fighting
 50792 | Snake:4  | Got a serpentine rune of Zot
 51395 | Shoals:1 | Entered Level 1 of the Shoals
 51724 | Shoals:1 | Found a runed translucent gate.
 51724 | Shoals:1 | Found a runed translucent gate.
 51724 | Shoals:1 | Found a runed translucent gate.
 52034 | Shoals:1 | Found Ubreodif's Jewellery Emporium.
 52341 | Shoals:1 | Identified the ring "Cipnunk" {*Slow rElec rPois Str+10
                  | Slay-4}
 52450 | Shoals:2 | Offered knowledge of Fire Storm by Vehumet.
 52450 | Shoals:2 | Offered knowledge of Chain Lightning by Vehumet.
 52450 | Shoals:2 | Offered knowledge of Polar Vortex by Vehumet.
 52611 | Shoals:2 | Noticed Ilsuiw
 52656 | Shoals:2 | Reached skill level 10 in Stealth
 52863 | Shoals:2 | Killed Ilsuiw
 53271 | Shoals:2 | Noticed Aizul
 53278 | Shoals:2 | Killed Aizul
 53305 | Shoals:2 | Noticed Frances
 53310 | Shoals:2 | Killed Frances
 53311 | Shoals:2 | Reached skill level 14 in Earth Magic
 53311 | Shoals:2 | Reached XP level 20. HP: 116/116 MP: 5/37
 53917 | Shoals:2 | Reached skill level 11 in Shields
 54495 | Shoals:3 | Identified Roxanne's Papyrus of Geology
 54495 | Shoals:3 | Noticed Roxanne
 54619 | Shoals:3 | Killed Roxanne
 55175 | Shoals:3 | Reached skill level 8 in Evocations
 56348 | Shoals:4 | Entered Level 4 of the Shoals
 56356 | Shoals:4 | Reached skill level 11 in Fire Magic
 56358 | Shoals:4 | Reached skill level 16 in Conjurations
 56688 | Shoals:4 | Noticed Donald
 56706 | Shoals:4 | Killed Donald
 56713 | Shoals:4 | Noticed Kirke
 56715 | Shoals:4 | Reached skill level 14 in Spellcasting
 56717 | Shoals:4 | Noticed Polyphemus
 56733 | Shoals:4 | Reached skill level 10 in Fighting
 57379 | Shoals:4 | Killed Polyphemus
 58136 | Shoals:4 | Killed Kirke
 58500 | Shoals:4 | Got a barnacled rune of Zot
 58841 | Shoals:4 | Identified the +6 chain mail "Ubuddu" {+Blink Int+3 Slay-5}
 59127 | Vaults:1 | Entered Level 1 of the Vaults
 59127 | Vaults:1 | Found Wusmuvum's Weapon Emporium.
 59720 | Vaults:1 | Reached XP level 21. HP: 123/123 MP: 0/39
 60220 | Vaults:1 | Reached skill level 12 in Fire Magic
 60781 | Vaults:1 | Reached skill level 12 in Shields
 60952 | Vaults:1 | Acquired the +1 pair of boots "Mifahankup" {Will+ rCorr
                  | Str+4}
 61301 | Vaults:1 | Reached skill level 17 in Conjurations
 61654 | Vaults:1 | Reached skill level 9 in Evocations
 62452 | Vaults:1 | Reached skill level 11 in Fighting
 62671 | Vaults:2 | Reached skill level 15 in Spellcasting
 63417 | Elf:2    | Paralysed by an air elemental for 1 turns
 64043 | Elf:2    | Found a runed translucent gate.
 64043 | Elf:2    | Found a runed translucent gate.
 64045 | Elf:2    | Found a runed translucent gate.
 64143 | Elf:2    | Learned a level 9 spell: Fire Storm
 64149 | Elf:2    | Learned a level 4 spell: Dispel Undead
 64549 | Elf:2    | Noticed Azrael
 64551 | Elf:2    | Killed Azrael
 64859 | Elf:2    | Reached skill level 13 in Fire Magic
 64862 | Elf:2    | Reached skill level 1 in Necromancy
 65308 | Elf:3    | Entered Level 3 of the Elven Halls
 65488 | Elf:3    | Reached XP level 22. HP: 130/130 MP: 25/41
 65857 | Elf:3    | Got Sif Muna's Compendium of Changing
 66047 | Elf:3    | Found Kuyjirya's Jewellery Shop.
 66098 | Elf:3    | Bought an amulet of magic regeneration for 420 gold pieces
 67015 | Elf:3    | Identified the +3 rapier "Sefimo" {antimagic, Dex+7}
 67027 | Elf:3    | Reached skill level 2 in Necromancy
 67059 | Elf:3    | Identified the amulet of the Traitor {Spirit Int+2}
 67227 | Elf:3    | Identified the +6 dire flail of Zin's Grace {holy, rPois
                  | rF+ rCorr}
 67252 | Elf:3    | Reached skill level 18 in Conjurations
 67635 | Elf:3    | Got the Compilation of Conjury
 67636 | Elf:3    | Identified the +10 arbalest of Ysupp {flame, rPois Will++
                  | Str-2}
 67639 | Elf:3    | Got Gaororicki's Folio of the Excruciating Gathering
 67640 | Elf:3    | Identified the +0 helmet "Enoog" {Rampage}
 67776 | Elf:3    | Identified the ring "Yraixzea" {rCorr Int+9 Dex-2}
 68609 | Vaults:2 | Found Lagenoc's Jewellery Shoppe.
 68782 | Vaults:2 | You are sucked into a shaft and drop 1 floor!
 68820 | Vaults:3 | Reached skill level 13 in Shields
 69103 | Vaults:3 | Found a staircase to the Crypt.
 69180 | Vaults:3 | Reached skill level 3 in Necromancy
 69344 | Vaults:3 | Reached skill level 10 in Evocations
 69421 | Vaults:3 | Found Poewaoheo's Assorted Antiques.
 69468 | Vaults:3 | Reached skill level 14 in Fire Magic
 69528 | Vaults:3 | Reached skill level 12 in Fighting
 69537 | Vaults:3 | Bought a scroll of acquirement for 884 gold pieces
 69537 | Vaults:3 | Bought a scroll of blinking for 127 gold pieces
 69537 | Vaults:3 | Bought a scroll of teleportation for 51 gold pieces
 69537 | Vaults:3 | Acquired 722 gold pieces
 70177 | Vaults:2 | Noticed Asterion
 70190 | Vaults:2 | Killed Asterion
 70191 | Vaults:2 | Reached skill level 16 in Spellcasting
 70945 | D:12     | You paid a toll of 5 scrolls of fear to enter a treasure
                  | trove
 70946 | Trove    | Entered a treasure trove
 71160 | Vaults:3 | Reached XP level 23. HP: 136/136 MP: 22/43
 72462 | Vaults:3 | Reached skill level 4 in Necromancy
 72755 | Vaults:3 | Reached skill level 9 in Armour
 73320 | Vaults:4 | Reached skill level 19 in Conjurations
 73360 | Vaults:4 | Noticed Zenata
 73371 | Vaults:4 | Killed Zenata
 74310 | Vaults:4 | Found Qyrch's Weapon Shoppe.
 74322 | Vaults:4 | Reached skill level 2 in Dodging
 75247 | Depths:1 | Reached skill level 15 in Fire Magic
 75777 | Depths:2 | Reached XP level 24. HP: 144/144 MP: 32/43
 75988 | Depths:2 | Learned a level 8 spell: Ignition
 75989 | Depths:2 | Found a one-way gate leading to the halls of Pandemonium.
 76181 | Depths:2 | Reached skill level 5 in Necromancy
 76398 | Depths:2 | Found Cachont's Weapon Shoppe.
 76433 | Depths:2 | Reached skill level 3 in Dodging
 76441 | Depths:2 | Reached skill level 14 in Shields
 76457 | Depths:2 | Killed Grunn
 76703 | Depths:2 | Found Ypien's Jewellery Boutique.
 76704 | Depths:2 | Found Ivveq's Book Emporium.
 76705 | Depths:2 | Found Pitamygg's Jewellery Boutique.
 76717 | Depths:2 | Bought an Inescapable Atlas for 448 gold pieces
 76721 | Depths:2 | Learned a level 2 spell: Blink
 77265 | Depths:2 | Reached skill level 17 in Spellcasting
 77316 | Depths:2 | Found a basalt altar of Yredelemnul.
 77329 | Depths:2 | Reached skill level 13 in Fighting
 77594 | Depths:3 | Reached skill level 10 in Armour
 77763 | Depths:3 | Noticed Louise
 77764 | Depths:3 | Found a one-way gate to the infinite horrors of the Abyss.
 77771 | Depths:3 | Killed Louise
 78164 | Depths:3 | Found Jyaprado's Weapon Shop.
 78164 | Depths:3 | Found Seoluetu's Weapon Boutique.
 78169 | Depths:3 | Found Wawnes's Antique Armour Shop.
 78213 | Depths:3 | Noticed Margery
 78334 | Depths:3 | Killed Margery
 78768 | Depths:3 | Identified the +8 arbalest of the Sybil {elec, Drain Dex+4}
 78788 | Depths:3 | Reached skill level 20 in Conjurations
 79029 | Depths:3 | Reached skill level 4 in Dodging
 79498 | Depths:3 | Reached skill level 16 in Fire Magic
 79573 | Depths:4 | Entered Level 4 of the Depths
 79638 | Depths:4 | Reached skill level 6 in Necromancy
 79969 | Depths:4 | Found a gate to the Realm of Zot.
 79978 | Depths:4 | Reached XP level 25. HP: 136/150 MP: 44/44
 80652 | Vaults:5 | Entered Level 5 of the Vaults
 80662 | Vaults:5 | Reached skill level 11 in Armour
 80665 | Vaults:5 | Reached skill level 5 in Dodging
 80668 | Vaults:5 | Noticed a dread lich
 80758 | Vaults:5 | Noticed an ancient lich
 80759 | Vaults:5 | Identified the +1 robe "Doneriang" {Str+6}
 80764 | Vaults:5 | Noticed an ancient lich
 80769 | Vaults:4 | Killed a dread lich
 80975 | Vaults:5 | Killed an ancient lich
 80976 | Vaults:5 | Reached skill level 15 in Shields
 80976 | Vaults:5 | Reached skill level 18 in Spellcasting
 81307 | Vaults:4 | Killed an ancient lich
 81308 | Vaults:4 | Reached skill level 14 in Fighting
 81851 | Vaults:5 | Reached skill level 7 in Necromancy
 81871 | Vaults:5 | Reached skill level 17 in Fire Magic
 81959 | Vaults:5 | Got Vuawnael's Compilation of Conflagrant Striking
 81960 | Vaults:5 | Identified the ring "Vuthoriroa" {Str+6 Int+3}
 81963 | Vaults:5 | Identified the +8 halberd "Giant's Peril" {antimagic, rC+
                  | Will+ Int+2 SInv}
 81966 | Vaults:5 | Identified the +1 plate armour of Pomycvoa {rN+ Int+2
                  | Stlth+}
 82121 | Vaults:5 | Identified the +0 robe of Dice, Bag, and Bottle {Will+}
 82205 | Vaults:5 | Identified the +2 leather armour "Yduinouh" {Rampage Dex+6}
 82206 | Vaults:5 | Identified the ring "Anuf" {rPois rC- rN++ Int+6 SInv}
 82849 | Vaults:5 | Identified the ring "Bysm" {Fire Drain Will+ rCorr Int+4}
 83028 | Vaults:5 | Found Saohar's Distillery.
 83033 | Vaults:5 | Bought a potion of brilliance for 80 gold pieces
 83055 | Vaults:5 | Found Usadaowu's Magic Scroll Emporium.
 83055 | Vaults:5 | Found Kojein's Distillery.
 83059 | Vaults:5 | Reached skill level 6 in Dodging
 83088 | Vaults:5 | Bought a potion of resistance for 180 gold pieces
 83088 | Vaults:5 | Bought a potion of heal wounds for 90 gold pieces
 83088 | Vaults:5 | Bought a potion of heal wounds for 90 gold pieces
 83088 | Vaults:5 | Bought a potion of ambrosia for 144 gold pieces
 83108 | Vaults:5 | Reached XP level 26. HP: 157/158 MP: 37/45
 83130 | Vaults:5 | Bought a scroll of immolation for 44 gold pieces
 83130 | Vaults:5 | Bought a scroll of teleportation for 33 gold pieces
 83130 | Vaults:5 | Bought a scroll of teleportation for 33 gold pieces
 83130 | Vaults:5 | Bought a scroll of teleportation for 33 gold pieces
 83343 | Vaults:5 | Found Wikiur's Distillery.
 83355 | Vaults:5 | Found Zuemez's Magic Scroll Shop.
 83360 | Vaults:5 | Bought a scroll of magic mapping for 150 gold pieces
 83367 | Vaults:5 | Got a silver rune of Zot
 83378 | Vaults:5 | Found Miurec's Magic Scroll Boutique.
 83390 | Vaults:5 | Found Maazot's Magic Scroll Emporium.
 83395 | Vaults:5 | Bought a scroll of magic mapping for 165 gold pieces
 83406 | Vaults:5 | Bought a scroll of teleportation for 39 gold pieces
 83406 | Vaults:5 | Bought a scroll of magic mapping for 97 gold pieces
 83420 | Vaults:5 | Bought a potion of brilliance for 80 gold pieces
 83420 | Vaults:5 | Bought a potion of mutation for 160 gold pieces
 83420 | Vaults:5 | Bought a potion of mutation for 160 gold pieces
 83420 | Vaults:5 | Bought a potion of magic for 160 gold pieces
 83420 | Vaults:5 | Bought a potion of haste for 200 gold pieces
 83420 | Vaults:5 | Bought a potion of cancellation for 160 gold pieces
 84066 | Slime:1  | Entered Level 1 of the Pits of Slime
 84651 | Slime:5  | Entered Level 5 of the Pits of Slime
 84708 | Slime:5  | Reached skill level 12 in Armour
 84708 | Slime:5  | Noticed the Royal Jelly
 85103 | Slime:5  | Killed the Royal Jelly
 85167 | Slime:5  | Identified the +3 scale mail of Daleam {Dex+4}
 85207 | Slime:5  | Identified the +5 tower shield "Bearade" {Fly rPois rC-
                  | Str+3}
 85218 | Slime:5  | Identified the +3 scale mail "Talunt Lyos" {rN+}
 85242 | Slime:5  | Got a slimy rune of Zot
 85243 | Slime:5  | Identified the +2 cloak of Painted Salvation {Harm rC++
                  | rCorr Slay-6}
 85257 | Slime:5  | Identified the +5 ring mail "Xileh" {Contam Str+2 Dex+6
                  | Stlth+}
 85732 | Zot:1    | Entered Level 1 of the Realm of Zot
 86131 | Zot:1    | Reached skill level 18 in Fire Magic
 86149 | Zot:1    | Reached skill level 8 in Necromancy
 86294 | Zot:1    | Reached skill level 19 in Spellcasting
 86335 | Zot:1    | Reached skill level 7 in Dodging
 86482 | Zot:1    | Reached skill level 15 in Fighting
 87029 | Zot:2    | Noticed hikkokomori's ghost (legendary NaIE)
 87029 | Zot:2    | Found a runed translucent door.
 87122 | Zot:2    | Reached skill level 16 in Shields
 87128 | Zot:2    | Killed hikkokomori's ghost
 87130 | Zot:2    | Identified the ring of Ru's Displeasure {Fire rPois rN+
                  | Int-3}
 87365 | Zot:2    | Reached XP level 27. HP: 156/165 MP: 15/46
 87950 | Zot:2    | Noticed an electric golem
 87961 | Zot:2    | Killed an electric golem
 88565 | Zot:3    | Noticed an orb of fire
 88599 | Zot:3    | Reached skill level 13 in Armour
 88855 | Zot:3    | Killed an orb of fire
 89302 | Zot:3    | Reached skill level 1 in Transmutations
 89679 | Zot:3    | Reached skill level 9 in Necromancy
 89683 | Zot:3    | Identified the ring of Autumn {Will+ Int+6 SInv}
 89875 | Zot:3    | Reached skill level 2 in Transmutations
 90580 | Zot:4    | Reached skill level 19 in Fire Magic
 90638 | Zot:4    | Reached skill level 8 in Dodging
 90653 | Zot:4    | Found a transporter.
 90818 | Zot:4    | Reached skill level 3 in Transmutations
 90982 | Zot:4    | Noticed an orb of fire
 91009 | Zot:4    | Killed an orb of fire
 91163 | Zot:4    | Noticed a curse toe
 91168 | Zot:4    | Killed a curse toe
 91504 | Zot:4    | Found a transporter.
 91748 | Zot:4    | Reached skill level 4 in Transmutations
 92232 | Zot:4    | Reached skill level 20 in Spellcasting
 92245 | Zot:4    | Identified the ring "Neediddue" {rPois rF+ Will- AC+4}
 92258 | Zot:4    | Identified the ring "Kawyirruc" {rN+++ Will+ MP-9 Int+3
                  | Dex-4}
 92326 | Zot:5    | Entered Level 5 of the Realm of Zot
 92432 | Zot:5    | Found the +4 dragonskin cloak
 92432 | Zot:5    | Noticed Tiamat
 92444 | Zot:5    | Killed Tiamat
 92445 | Zot:5    | Reached skill level 10 in Necromancy
 92450 | Zot:5    | Reached skill level 16 in Fighting
 92811 | Zot:5    | Reached skill level 5 in Transmutations
 92935 | Zot:5    | Noticed a dread lich
 92937 | Zot:5    | Killed a dread lich
 92964 | Zot:5    | Noticed an electric golem
 92969 | Zot:5    | Killed an electric golem
 93047 | Zot:5    | Noticed an orb of fire
 93064 | Zot:5    | Killed an orb of fire
 93078 | Zot:5    | Noticed a curse toe
 93085 | Zot:5    | Killed a curse toe
 93311 | Zot:5    | Noticed an orb of fire
 93328 | Zot:5    | Killed an orb of fire
 93550 | Zot:5    | Noticed a curse toe
 93557 | Zot:5    | Killed a curse toe
 93558 | Zot:5    | Noticed an orb of fire
 93559 | Zot:5    | Reached skill level 14 in Armour
 93559 | Zot:5    | Reached skill level 17 in Shields
 93559 | Zot:5    | Noticed a curse toe
 93952 | Zot:5    | Killed a curse toe
 93990 | Zot:5    | Noticed an ancient lich
 93993 | Zot:5    | Killed an ancient lich
 94103 | Zot:5    | Gained mutation: A frigid envelope surrounds you and
                  | freezes all who hurt you. [an orb of fire]
 94108 | Zot:5    | Killed an orb of fire
 94133 | Zot:5    | Noticed a dread lich
 94139 | Zot:5    | Killed a dread lich
 94318 | Zot:5    | Noticed an orb of fire
 94324 | Zot:5    | Killed an orb of fire
 94500 | Zot:5    | Reached skill level 6 in Transmutations
 94601 | Zot:5    | Noticed an orb of fire
 94640 | Zot:5    | Killed an orb of fire
 94641 | Zot:5    | Reached skill level 9 in Dodging
 94662 | Zot:5    | Noticed an orb of fire
 94666 | Zot:5    | Killed an orb of fire
 94778 | Zot:5    | Reached skill level 20 in Fire Magic
 94808 | Zot:5    | Noticed an orb of fire
 94812 | Zot:5    | Noticed an electric golem
 94812 | Zot:5    | Identified the +1 flail of Severance {freeze, +Blink rElec
                  | SInv Stlth-}
 94812 | Zot:5    | Noticed an ancient lich
 94866 | Zot:5    | Gained mutation: Potions are less effective at restoring
                  | your health. [an orb of fire]
 95172 | Zot:4    | Gained mutation: You occasionally lose the ability to read
                  | scrolls when taking damage. [an orb of fire]
 95173 | Zot:4    | Gained mutation: You are weak. (Str -2) [an orb of fire]
 95175 | Zot:4    | Killed an electric golem
 95179 | Zot:4    | Killed an orb of fire
 95387 | Zot:4    | Lost mutation: You are weak. (Str -2) [potion of mutation]
 95387 | Zot:4    | Lost mutation: You occasionally lose the ability to read
                  | scrolls when taking damage. [potion of mutation]
 95387 | Zot:4    | Lost mutation: A frigid envelope surrounds you and freezes
                  | all who hurt you. [potion of mutation]
 95387 | Zot:4    | Gained mutation: Your spells are a little harder to cast,
                  | but a little more powerful. [potion of mutation]
 95387 | Zot:4    | Gained mutation: You have a pair of small antennae on your
                  | head. [potion of mutation]
 95388 | Zot:4    | Lost mutation: You have a pair of small antennae on your
                  | head. [potion of mutation]
 95388 | Zot:4    | Lost mutation: Potions are less effective at restoring your
                  | health. [potion of mutation]
 95388 | Zot:4    | Lost mutation: Your spells are a little harder to cast, but
                  | a little more powerful. [potion of mutation]
 95388 | Zot:4    | Gained mutation: You are agile. (Dex +4, Str/Int -1)
                  | [potion of mutation]
 95388 | Zot:4    | Gained mutation: Your flesh is cold resistant. (rC+)
                  | [potion of mutation]
 95388 | Zot:4    | Gained mutation: A frigid envelope surrounds you and
                  | freezes all who hurt you. [potion of mutation]
 95388 | Zot:4    | Gained mutation: You have hidden genetic potential. [potion
                  | of mutation]
 95393 | Zot:5    | Reached skill level 11 in Necromancy
 95393 | Zot:5    | Killed an ancient lich
 95743 | Hell     | Entered the Vestibule of Hell
 95743 | Hell     | Noticed Geryon
 96049 | Zot:5    | Got the Orb of Zot
 96262 | Zot:1    | Noticed Imirr the pandemonium lord
 96273 | Zot:1    | Killed Imirr the pandemonium lord
 96410 | D:15     | Noticed Texkasai the pandemonium lord
 96439 | D:14     | Noticed Cirurug the pandemonium lord
 96444 | D:14     | Noticed Hoshuph the pandemonium lord
 96514 | D:13     | Noticed Yvar the pandemonium lord
 96786 | D:$      | Escaped with the Orb!

Vanquished Creatures
  A pandemonium lord (Zot:1)
  the Royal Jelly (Slime:5)
  2 dread liches
  The ghost of hikkokomori the Stormcaller, a legendary NaIE of Cheibriados (Zot:2)
  Tiamat (Zot:5)
  3 orbs of fire
  4 ancient liches
  3 Killer Klowns (Zot:5)
  3 curse toes (Zot:5)
  Margery (Depths:3)
  15 golden dragons
  3 bone dragons
  2 Tzitzimimeh
  2 hellephants
  3 doom hounds
  2 electric golems
  Jorgrun (Orc:2)
  Zenata (Vaults:4)
  2 quicksilver dragons
  3 liches
  24 Orb Guardians
  18 tentacled monstrosities
  A deep elf blademaster (Elf:3)
  A walking frostbound tome (Depths:3)
  5 titans (Vaults:5)
  2 deep elf master archers (Elf:3)
  20 acid blobs
  A tentacled starspawn (Abyss:3)
  5 sphinxes
  Gastronok (Lair:3)
  An Executioner (Abyss:3)
  11 storm dragons
  7 death cobs
  13 shadow dragons
  5 tengu reavers
  9 fire giants
  9 draconian knights
  6 rockslimes
  5 nagarajas
  Donald (Shoals:4)
  13 azure jellies
  2 iron dragons
  10 frost giants
  8 draconian monks
  3 deep elf sorcerers (Elf:3)
  2 ghost moths
  15 vault wardens
  14 draconian scorchers
  2 caustic shrike zombies (Depths:2)
  8 draconian stormcallers
  3 deep elf elementalists (Elf:3)
  6 draconian shifters
  4 juggernaut zombies (Depths:2)
  15 draconian annihilators
  14 ironbound preservers
  5 ironbound thunderhulks
  A reaper (Depths:2)
  5 quicksilver oozes
  27 very ugly things
  2 war gargoyles
  A spriggan defender (Depths:3)
  17 stone giants
  Nessos (Orc:2)
  2 deep elf annihilators
  Azrael (Elf:2)
  4 deep elf demonologists
  A vampire knight (Depths:3)
  19 purple draconians
  13 red draconians
  25 white draconians
  3 spark wasps (Depths:3)
  14 black draconians
  14 green draconians
  11 dire elephants
  3 deep elf death magi
  2 crystal guardians
  Snorg (Lair:3)
  9 ettins
  A blizzard demon (D:14)
  3 green deaths
  Josephine (Orc:2)
  14 yellow draconians
  4 merfolk javelineers
  17 yaktaur captains
  4 merfolk impalers
  An entropy weaver (shapeshifter) (D:14)
  2 entropy weavers (Vaults:4)
  4 fire dragons
  8 great orbs of eyes
  2 peacekeepers
  3 deep elf high priests
  16 ice dragons
  A hydra (shapeshifter) (Elf:3)
  A rakshasa (D:14)
  33 vault guards
  13 hydras
  3 ogre magi
  2 salamander tyrants
  2 hell beasts
  13 centaur warriors
  13 ironbound frosthearts
  3 catoblepae
  3 merfolk avatars
  2 anacondas
  An alligator snapping turtle (Shoals:4)
  2 spriggan air magi
  A death yak (Lair:1)
  9 boulder beetles
  10 deep troll shamans
  10 two-headed ogres
  2 hell hogs (Depths:2)
  26 dancing weapons
  A merfolk aquamancer (Shoals:4)
  9 deep troll earth magi
  2 satyrs (Shoals:2)
  8 tengu warriors
  2 titan zombies (Depths:2)
  7 naga warriors
  2 thrashing horrors (Abyss:3)
  12 naga sharpshooters
  An orc high priest (Elf:3)
  3 spriggan berserkers
  12 hell knights
  11 deep elf knights
  12 shock serpents
  3 soul eaters
  6 sun demons
  A shadow wraith (Abyss:3)
  A golden dragon zombie (Depths:2)
  5 iron trolls
  3 salamander mystics
  A nameless horror (D:14)
  5 skeletal warriors
  A spark wasp zombie (Depths:2)
  A flayed ghost (Abyss:3)
  2 glowing orange brains
  3 naga ritualists
  5 sea snakes
  8 wizards
  2 orange crystal statues
  A swamp dragon (shapeshifter) (Vaults:5)
  8 deep elf archers
  Lodul (D:10)
  66 deep trolls
  12 ironbound convokers
  2 kraken simulacra
  2 phantasmal warriors
  27 harpies
  21 deep elf zephyrmancers
  3 shadow dragon zombies (Depths:2)
  2 sphinx zombies (Depths:2)
  12 orc knights
  11 mana vipers
  11 lindwurms
  5 tengu zombies
  6 necromancers
  A shining eye (Slime:5)
  2 orc sorcerers
  A fire giant zombie (Depths:2)
  19 deep elf pyromancers
  4 oklob plants (Lair:2)
  5 cyclopes
  12 fauns
  A large abomination (Abyss:3)
  12 manticores
  32 moths of wrath
  A tengu skeleton (Vaults:3)
  17 salamanders
  52 ugly things
  9 merfolk sirens
  2 stone giant skeletons (Vaults:3)
  5 guardian serpents
  18 vault sentinels
  11 elephants (Lair:4)
  2 fire giant skeletons (Vaults:3)
  A molten gargoyle (Depths:2)
  2 water nymphs
  3 gargoyles
  5 naga magi
  A rust devil (D:14)
  3 eyes of devastation
  27 black mambas
  5 orange demons
  8 cane toads
  3 smoke demons
  A torpor snail (Lair:1)
  An elf skeleton (Vaults:3)
  3 unseen horrors
  3 kobold demonologists
  5 tengu conjurers
  2 efreet
  9 rime drakes
  4 ice devils
  3 freezing wraiths
  A yaktaur (shapeshifter) (Vaults:5)
  24 yaktaurs
  11 komodo dragons
  4 yaktaur skeletons (Vaults:3)
  An ancient zyme (Abyss:3)
  13 merfolk
  A troll (shapeshifter) (Vaults:1)
  5 trolls
  8 polar bears
  A queen bee (shapeshifter) (Vaults:5)
  2 wind drakes (Shoals:4)
  A meliai (shapeshifter) (Elf:1)
  5 saltlings (Orc:2)
  7 hornets
  7 blink frogs
  4 snapping turtles
  10 dream sheep
  93 slime creatures
  A culicivora (shapeshifter) (Vaults:5)
  A spriggan (shapeshifter) (Elf:3)
  2 shadows
  4 spriggans
  9 water elementals
  2 hogs (Shoals:4)
  3 wyverns
  7 wraiths
  3 vampires
  A ynoxinul (D:14)
  4 air elementals
  57 yaks
  A yak (shapeshifter) (Vaults:5)
  6 basilisks
  14 golden eyes
  2 fire elementals (Elf:1)
  A redback (shapeshifter) (Vaults:5)
  A steam dragon (D:6)
  2 chaos spawn
  A redback (Vaults:4)
  2 vampire mosquitoes (D:14)
  3 death yak simulacra (Shoals:1)
  4 harpy simulacra (Shoals:1)
  2 glowing shapeshifter zombies (Depths:2)
  2 sea snake simulacra (Shoals:1)
  4 wargs
  21 nagas
  4 hell hounds
  A human zombie (Depths:2)
  25 water moccasins
  A glowing shapeshifter skeleton (Vaults:3)
  The ghost of DeathPants the Sneak, an amateur VSEn (D:4)
  25 orc warriors
  2 sky beasts
  Pargi (Sewer)
  5 black bears
  A satyr simulacrum (Shoals:1)
  An ettin simulacrum (Vaults:3)
  18 ogres
  37 wolves
  7 boggarts
  5 centaurs
  A phantom (D:5)
  4 human skeletons (Vaults:3)
  6 small abominations
  11 kobold brigands
  4 gnoll sergeants
  2 necrophages
  9 bullfrogs
  4 faun simulacra (Shoals:1)
  4 earth elementals
  4 scorpions
  3 merfolk simulacra (Shoals:1)
  13 wights
  12 killer bees
  A jelly (D:5)
  2 snapping turtle simulacra (Shoals:1)
  9 howler monkeys
  3 electric eels
  3 quasits (D:4)
  2 cyclops simulacra (Shoals:1)
  3 gnoll boudas
  14 hounds
  7 iguanas
  21 orc priests
  19 orc wizards
  7 hell rats (Lair:4)
  13 adders
  An adder (shapeshifter) (D:15)
  13 gnolls
  A shadow imp (D:6)
  2 white imps
  7 worms
  2 dart slugs
  An orc (shapeshifter) (Elf:3)
  66 orcs
  3 ball pythons
  7 bats
  6 endoplasms
  5 giant cockroaches
  12 goblins
  9 hobgoblins
  A jackal (Sewer)
  17 kobolds
  4 quokkas
  A frilled lizard (D:2)
  13 rats
2187 creatures vanquished.

Vanquished Creatures (collateral kills)
  A dread lich (Zot:5)
  6 orbs of fire
  Vashnia (Snake:2)
  An electric golem (Zot:4)
  3 Orb Guardians (Zot:5)
  2 quicksilver dragons
  An acid blob (Slime:5)
  Grunn (Depths:2)
  Asterion (Vaults:2)
  2 deep elf blademasters
  Frances (Shoals:2)
  Polyphemus (Shoals:4)
  Roxanne (Shoals:3)
  3 nagarajas (Snake:4)
  A rockslime (Slime:5)
  Kirke (Shoals:4)
  A storm dragon (Zot:1)
  Ilsuiw (Shoals:2)
  Louise (Depths:3)
  A draconian monk (Depths:4)
  3 fire giants
  3 vault wardens
  Aizul (Shoals:2)
  A deep elf elementalist (Elf:3)
  3 ironbound preservers (Vaults:4)
  A draconian annihilator (Zot:1)
  5 very ugly things
  An orc warlord (Vaults:3)
  3 stone giants
  A black draconian (Zot:4)
  A purple draconian (Zot:3)
  2 green draconians
  2 deep elf annihilators (Elf:3)
  5 dire elephants
  2 yellow draconians
  6 merfolk impalers
  3 deep elf death magi (Elf:3)
  2 fire dragons (Depths:1)
  4 merfolk javelineers
  A great orb of eyes (Vaults:2)
  2 deep elf high priests (Elf:3)
  An ice dragon (IceCv)
  A rakshasa (Depths:1)
  7 vault guards
  A spriggan air mage (Depths:2)
  2 merfolk avatars
  3 anacondas
  2 alligator snapping turtles
  7 dancing weapons
  4 ironbound frosthearts (Vaults:1)
  3 centaur warriors
  4 satyrs
  3 death yaks (Shoals:4)
  A naga warrior (Snake:4)
  2 deep troll earth magi
  9 naga sharpshooters
  2 hell knights
  A soul eater (Depths:2)
  4 deep elf knights
  An orc high priest (Orc:2)
  A sea snake (Shoals:1)
  2 salamander mystics
  A sea snake (shapeshifter) (Depths:2)
  A glowing orange brain (Vaults:1)
  4 ironbound convokers
  3 lindwurms
  4 deep trolls
  A phantasmal warrior (Vaults:4)
  8 deep elf pyromancers
  A wizard (Vaults:1)
  2 deep elf archers (Elf:3)
  2 naga ritualists
  3 deep elf zephyrmancers
  3 manticores
  9 harpies
  An iron dragon zombie (Depths:2)
  2 orc knights
  A frost giant zombie (Depths:2)
  4 mana vipers
  22 ugly things
  2 cyclopes
  5 fauns
  3 salamanders
  9 merfolk sirens
  8 black mambas
  2 guardian serpents
  A naga mage (Snake:3)
  3 vault sentinels (Vaults:1)
  3 rime drakes (IceCv)
  A hellwing (D:14)
  7 yaktaurs
  An elf skeleton (Vaults:3)
  11 merfolk
  3 wind drakes
  A polar bear (IceCv)
  A saltling (Orc:2)
  6 dream sheep
  4 snapping turtles
  10 slime creatures
  A hog (Shoals:4)
  A water elemental (Shoals:4)
  A fire elemental (Elf:2)
  A basilisk (D:15)
  A warg (Orc:2)
  A harpy simulacrum (Shoals:1)
  9 nagas
  3 hell hounds (Elf:2)
  A manticore simulacrum (Shoals:1)
  A quasit (D:4)
  An orc priest (Elf:3)
  2 orc wizards (Orc:2)
  7 orcs
  171 foxfires
498 creatures vanquished.

Vanquished Creatures (others)
  A curse toe (Zot:4)
  A green draconian (Zot:3)
  A vault guard (Vaults:1)
  A death yak (Shoals:4)
  A naga sharpshooter (Snake:4)
  A deep elf knight (Elf:3)
  A vault sentinel (Vaults:3)
  A rime drake (IceCv)
  A merfolk (Shoals:4)
  A polar bear (Lair:5)
  A snapping turtle (Shoals:4)
  A human (Shoals:4)
  2 golden eyes (Abyss:3)
  122 fire vortices
  2301 foxfires
  43 fungi
  5 pillars of salt (Orc:2)
  183 plants
  4 starspawn tentacles (Abyss:3)
  A tentacle (Shoals:4)
2673 creatures vanquished.

Grand Total: 5358 creatures vanquished

Table legend: (Time is in decaauts)
 A = Elapsed time spent in this place.
 B = Non-inter-level travel time spent in this place.
 C = Inter-level travel time spent in this place.
 D = Time resting spent in this place.
 E = Time spent auto-exploring this place.
 F = Levels seen in this place.
 G = Mean time per level.
                   A        B        C        D        E       F      G
               +--------+--------+--------+--------+--------+-----+--------+
         Total |  97149 |  90376 |   6773 |  12123 |  62443 |  59 | 1646.6 |
       Dungeon |  25358 |  22482 |   2876 |   2352 |  16417 |  15 | 1690.5 |
        Temple |    199 |    164 |     35 |      0 |    149 |   1 |  199.0 |
          Lair |   9287 |   8549 |    738 |    534 |   6616 |   5 | 1857.4 |
        Shoals |   7537 |   7368 |    169 |    874 |   5292 |   4 | 1884.2 |
     Snake Pit |   7715 |   7460 |    255 |    634 |   5850 |   4 | 1928.8 |
    Slime Pits |   1313 |   1222 |     91 |    537 |    243 |   5 |  262.6 |
  Orcish Mines |   3069 |   2766 |    303 |    299 |   2007 |   2 | 1534.5 |
   Elven Halls |   7836 |   7504 |    332 |   1259 |   5014 |   3 | 2612.0 |
        Vaults |  12703 |  11963 |    740 |    991 |   8944 |   5 | 2540.6 |
        Depths |   8292 |   7767 |    525 |   1299 |   4620 |   4 | 2073.0 |
          Hell |      6 |      6 |      0 |      0 |      0 |   1 |    6.0 |
           Zot |  10473 |   9769 |    704 |   2392 |   5746 |   5 | 2094.6 |
         Abyss |    984 |    984 |      0 |    612 |      0 |   1 |  984.0 |
         Trove |     43 |     43 |      0 |      0 |      0 |   1 |   43.0 |
         Sewer |    182 |    182 |      0 |      0 |    139 |   1 |  182.0 |
        Bailey |    629 |    629 |      0 |     89 |    403 |   1 |  629.0 |
      Ice Cave |   1517 |   1517 |      0 |    249 |   1002 |   1 | 1517.0 |
               +--------+--------+--------+--------+--------+-----+--------+

Top non-repeatable levels by time:
    D:14: 3554 daAuts
Vaults:1: 3378 daAuts
   Elf:1: 3122 daAuts
Depths:1: 3108 daAuts
     D:8: 2778 daAuts
Vaults:3: 2769 daAuts
Vaults:4: 2753 daAuts
   Zot:4: 2690 daAuts
   Zot:5: 2687 daAuts
   Elf:2: 2438 daAuts
Shoals:4: 2397 daAuts
Depths:2: 2371 daAuts
   Elf:3: 2276 daAuts
 Snake:4: 2228 daAuts
 Snake:2: 2215 daAuts

Table legend:
 A = Non-vault XP
 B = Vault XP
 C = Vault XP percentage of total XP
 D = Non-vault monster count
 E = Vault monster count
 F = Vault count percentage of total count
                 A         B        C        D         E       F
            +---------+---------+-------+---------+---------+-------
      Total |  883427 |  721910 |  45.0 |    1514 |     971 |  39.1
            +---------+---------+-------+---------+---------+-------
        D:1 |      36 |       5 |  12.2 |      21 |       5 |  19.2
        D:2 |      80 |       0 |   0.0 |      22 |       0 |   0.0
        D:3 |     190 |      27 |  12.4 |      21 |       8 |  27.6
        D:4 |     381 |     319 |  45.6 |      18 |       9 |  33.3
        D:5 |     514 |       4 |   0.8 |      13 |       1 |   7.1
        D:6 |    1228 |       0 |   0.0 |      16 |       0 |   0.0
        D:7 |    1476 |       0 |   0.0 |      18 |       0 |   0.0
        D:8 |    1661 |    3322 |  66.7 |      14 |      52 |  78.8
        D:9 |    1768 |    1117 |  38.7 |      16 |       6 |  27.3
       D:10 |    4169 |    3278 |  44.0 |      22 |      34 |  60.7
       D:11 |    3705 |       0 |   0.0 |      18 |       0 |   0.0
       D:12 |    5072 |       0 |   0.0 |      21 |       0 |   0.0
       D:13 |    6042 |       0 |   0.0 |       9 |       0 |   0.0
       D:14 |   15405 |    8103 |  34.5 |      31 |      12 |  27.9
       D:15 |   19037 |    4137 |  17.9 |      38 |       9 |  19.1
     Lair:1 |    7651 |    5200 |  40.5 |      33 |      37 |  52.9
     Lair:2 |    2685 |    5575 |  67.5 |      12 |      20 |  62.5
     Lair:3 |    6032 |    2420 |  28.6 |      24 |       2 |   7.7
     Lair:4 |   11698 |       0 |   0.0 |      35 |       0 |   0.0
     Lair:5 |    6625 |   12209 |  64.8 |      13 |      26 |  66.7
   Shoals:1 |    5156 |    4542 |  46.8 |      11 |      25 |  69.4
   Shoals:2 |   23683 |    6919 |  22.6 |      42 |       8 |  16.0
   Shoals:3 |   23991 |    6727 |  21.9 |      48 |       8 |  14.3
   Shoals:4 |   12279 |   27729 |  69.3 |      27 |      44 |  62.0
    Snake:1 |   10422 |       0 |   0.0 |      20 |       0 |   0.0
    Snake:2 |   15686 |    6767 |  30.1 |      29 |       6 |  17.1
    Snake:3 |   22765 |     657 |   2.8 |      46 |       2 |   4.2
    Snake:4 |   19091 |   23617 |  55.3 |      37 |      30 |  44.8
    Slime:1 |    1086 |       0 |   0.0 |       4 |       0 |   0.0
    Slime:2 |    5773 |       0 |   0.0 |      16 |       0 |   0.0
    Slime:3 |   17980 |       0 |   0.0 |      34 |       0 |   0.0
    Slime:4 |   10679 |       0 |   0.0 |      24 |       0 |   0.0
    Slime:5 |   14378 |   25549 |  64.0 |      22 |      18 |  45.0
      Orc:1 |    1835 |    1213 |  39.8 |      34 |      10 |  22.7
      Orc:2 |    2060 |   16257 |  88.8 |      19 |      35 |  64.8
      Elf:1 |   17194 |   13151 |  43.3 |      29 |      25 |  46.3
      Elf:2 |    3469 |   26941 |  88.6 |       7 |      38 |  84.4
      Elf:3 |   31703 |   24486 |  43.6 |      54 |      23 |  29.9
   Vaults:1 |   45291 |   26554 |  37.0 |      62 |      34 |  35.4
   Vaults:2 |   15200 |   18875 |  55.4 |      25 |      25 |  50.0
   Vaults:3 |   46530 |   30057 |  39.2 |      74 |      48 |  39.3
   Vaults:4 |    9382 |   47798 |  83.6 |      13 |      46 |  78.0
   Vaults:5 |   12301 |  101159 |  89.2 |      17 |      96 |  85.0
   Depths:1 |   49119 |    1971 |   3.9 |      57 |       1 |   1.7
   Depths:2 |   34773 |   42506 |  55.0 |      41 |      51 |  55.4
   Depths:3 |   42528 |   23522 |  35.6 |      48 |      19 |  28.4
   Depths:4 |   24691 |   18123 |  42.3 |      28 |      15 |  34.9
      Zot:1 |   55340 |    4709 |   7.8 |      49 |       4 |   7.5
      Zot:2 |   35660 |    5479 |  13.3 |      32 |       2 |   5.9
      Zot:3 |   57886 |       0 |   0.0 |      49 |       0 |   0.0
      Zot:4 |   78498 |   21638 |  21.6 |      61 |      16 |  20.8
      Zot:5 |   31363 |  123498 |  79.7 |      23 |      56 |  70.9
    Abyss:3 |   10180 |      97 |   0.9 |      17 |       1 |   5.6
      Sewer |       0 |     132 | 100.0 |       0 |       2 | 100.0
     Bailey |       0 |    1465 | 100.0 |       0 |      22 | 100.0
      IceCv |       0 |   24056 | 100.0 |       0 |      40 | 100.0
            +---------+---------+-------+---------+---------+-------
